Map: Orbital Shipyard

Players

Bop

  • Race: Zerg Zerg

EGG - Winner!

  • Race: Zerg Zerg

VOD

Have the link to the VOD?

Description

Time

  • Played on: April 30, 2015, 11:40 p.m.
  • Length: 8:26
Show
View Real Time Build Order
Export as new Build Order

Bop Zerg 

Build Orders: Hatch First, Zergling Baneling 

Get SALT Encoding   

  12  0:01  Drone  
  13  0:09  Drone  
  14  0:35  Hatchery  
  13  0:38  Drone  
  14  0:47  Drone, Extractor  
  14  0:52  Drone, Extractor  
  15  1:05  Spawning Pool  
  14  1:12  Overlord  
  14  1:23  Drone, Extractor  
  15  1:30  Drone x2  
  17  1:34  Drone  
  18  1:53  Queen  
  20  1:54  Metabolic Boost  
  20  1:57  Zergling x2  
  20  2:01  Drone  
  22  2:03  Drone  
  23  2:15  Drone, Baneling Nest  
  23  2:18  Drone  
  24  2:27  Zergling x2  
  24  2:33  Queen  
  26  2:38  Drone  
  26  2:40  Zergling x2  
  28  2:47  Overlord  
  28  2:53  Overlord  
  28  3:03  Overlord  
  28  3:06  Zergling x2  
  28  3:07  Zergling x8  
  28  3:12  Zergling x4  
  35  3:22  Baneling x2  
  35  3:23  Zergling x4  
  37  3:29  Zergling x4  
  37  3:31  Baneling x2  
  39  3:35  Zergling x2  
  40  3:42  Overlord  
  40  3:43  Zergling x2  
  37  3:58  Zergling x8  
  37  4:08  Zergling x2  
  37  4:21  Drone  
  37  4:22  Roach Warren, Drone x3  
  36  4:26  Baneling  
  36  4:27  Baneling x2  
  36  4:28  Baneling  
  36  4:32  Drone x4  
  40  4:38  Drone  
  41  4:46  Overlord  
  41  4:50  Drone  
  41  4:51  Extractor  
  41  5:00  Drone x5  
  41  5:05  Roach x3  
  41  5:06  Roach  
  54  5:15  Evolution Chamber, Drone x3  
  56  5:23  Lair  
  56  5:25  Drone  
  56  5:26  Drone  
  56  5:28  Ravager x2  
  60  5:31  Overlord  
  60  5:33  Drone x2  
  61  5:35  Extractor  
  61  5:38  Ravager  
  61  5:51  Drone x4  
  65  5:57  Zerg Missile Weapons Level 1  
  65  6:04  Drone x2  
  67  6:05  Overlord x2, Extractor  
  66  6:20  Roach  
  66  6:21  Hatchery, Overlord  
  67  6:26  Glial Reconstitution  
  66  6:44  Roach x6  
  66  6:45  Overlord, Roach x3  
  76  7:00  Roach  
  76  7:01  Overlord x2, Roach x4  
  83  7:12  Overlord  
  83  7:13  Overlord  
  83  7:15  Ravager  
  83  7:21  Queen  
  85  7:28  Ravager x2  
  85  7:29  Drone x5  
  92  7:32  Extractor  
  92  7:36  Overlord, Extractor  
  90  7:37  Overlord  
  90  7:40  Drone  
  90  7:41  Queen  
  93  7:45  Drone x2  
  93  7:46  Drone  
  93  7:51  Roach x4  
  98  7:52  Roach  
  98  7:54  Overlord  
Show
View Real Time Build Order
Export as new Build Order

EGG Zerg - Winner!

Build Orders: Pool First 

Get SALT Encoding   

  12  0:02  Drone  
  13  0:12  Overlord  
  13  0:17  Drone  
  14  0:31  Drone x2  
  14  0:35  Drone  
  17  0:45  Spawning Pool  
  17  0:48  Drone  
  17  0:56  Drone  
  18  1:12  Hatchery  
  18  1:18  Overlord, Extractor  
  16  1:31  Queen  
  18  1:32  Zergling x2  
  18  1:36  Drone  
  20  1:41  Drone  
  21  1:51  Drone  
  22  2:07  Queen  
  24  2:11  Overlord  
  24  2:12  Drone  
  25  2:29  Metabolic Boost  
  25  2:30  Queen  
  25  2:31  Drone x2  
  25  2:34  Drone  
  29  2:43  Drone x5  
  34  2:49  Baneling Nest  
  33  2:53  Zergling x2  
  33  2:54  Zergling x2  
  35  3:01  Zergling x4  
  37  3:12  Zergling x4  
  39  3:19  Zergling x10  
  44  3:27  Overlord  
  44  3:33  Baneling x3  
  44  3:35  Spine Crawler  
  43  3:42  Overlord  
  43  3:44  Zergling x2  
  43  3:45  Zergling x8  
  45  4:02  Drone  
  38  4:03  Drone x5  
  43  4:21  Drone  
  43  4:22  Drone x5  
  48  4:27  Baneling  
  48  4:28  Baneling  
  48  4:29  Baneling  
  48  4:36  Extractor  
  48  4:38  Extractor  
  46  4:39  Roach Warren  
  46  4:43  Queen x2  
  46  4:45  Drone x4  
  53  5:02  Drone x4  
  53  5:03  Drone x2  
  59  5:20  Lair  
  59  5:23  Overlord x3  
  59  5:24  Extractor  
  58  5:34  Evolution Chamber x2  
  56  5:43  Roach x5  
  66  5:52  Queen  
  66  5:55  Hatchery  
  67  6:00  Zerg Missile Weapons Level 1, Zerg Ground Armor Level 1  
  67  6:02  Roach x6  
  79  6:07  Overlord  
  79  6:10  Overlord  
  79  6:22  Glial Reconstitution  
  79  6:24  Overseer  
  79  6:26  Overseer  
  79  6:34  Roach  
  79  6:35  Roach x6  
  93  6:42  Overlord x2  
  93  6:46  Overlord  
  90  6:58  Roach  
  90  6:59  Roach x4  
  97  7:06  Queen  
  99  7:11  Overlord  
  99  7:12  Drone x3  
  102  7:20  Overlord  
  102  7:26  Roach x2  
  102  7:28  Overlord  
  106  7:33  Ravager x3  
  106  7:34  Ravager x3  
  112  7:40  Drone x6  
  112  7:42  Drone  
  112  7:43  Drone  
Tags
 
Add a new tag
Caveats
  • Supply blocks, unpowered buildings, or Contaminate may cause inaccurate times.
  • Supply counts are checked every 10 seconds.